 Dungeon Sprint DCSS version 0.27.1 (webtiles) character file.

Game seed: 6016854496832043882

2478 styxcanada the Imperceptible (level 9, -4/48 HPs)
             Began as a Spriggan Brigand on Aug 29, 2021.
             Was an Initiate of Gozag.
             Splashed by an oklob plant's acid (10 damage)
             ... in the Dungeon (Sprint IV: "Fedhas' Mad Dash").
             The game lasted 00:05:22 (608 turns).

styxcanada the Imperceptible (Spriggan Brigand)      Turns: 608, Time: 00:05:22

Health: -4/48      AC:  3    Str:  7    XL:     9   Next: 27%
Magic:  10/10      EV: 23    Int: 19    God:    Gozag
Gold:   869        SH:  7    Dex: 19    Spells: 8/8 levels left

rFire    . . .     SeeInvis +   a - +2 dagger (drain)
rCold    . . .     Faith    .   p - +0 buckler
rNeg     . . .     Spirit   .   b - +0 robe
rPois    .         Reflect  .   (helmet restricted)
rElec    .         Harm     .   c - +0 cloak
rCorr    .         Rampage  .   (gloves unavailable)
Will     +....     NoTele   +   (boots unavailable)
Stlth    ++++++++..             j - amulet of invisibility {+Inv}
HPRegen  0.16/turn              r - +6 ring of intelligence
MPRegen  0.12/turn              (no ring)

@: gold aura, very slightly contaminated, invisible, very quick
A: very small, no large weapons, unfitting armour, see invisible, speed 3
a: Renounce Religion, Evoke Invisibility, Potion Petition, Call Merchant, Bribe
Branch


You were in the Dungeon.
You worshipped Gozag.
Gozag was pleased with you.
You visited 1 branch You collected 1253 gold pieces.
You spent 384 gold pieces at shops.

Inventory:

Hand Weapons
 a - a +2 dagger of draining (weapon)
 u - a +0 long sword of holy wrath
Missiles
 d - 8 poisoned darts (quivered)
 e - 2 curare-tipped darts
 n - 8 stones
Armour
 b - a +0 robe (worn)
 c - a +0 cloak (worn)
 p - a +0 buckler (worn)
Jewellery
 j - the amulet of invisibility (around neck) {+Inv}
   (You found it in the Dungeon)

   [amulet of nothing]

   +Inv:      It lets you turn invisible.
 m - an amulet of magic regeneration
 r - a +6 ring of intelligence (left hand)
Scrolls
 k - a scroll of blinking
 q - a scroll of vulnerability
Potions
 f - a potion of curing
 g - a potion of heal wounds
 h - a potion of haste
 i - 2 potions of magic
 l - a potion of flight


   Skills:
 * Level 5.7 Fighting
 + Level 4.8 Short Blades
 + Level 3.6 Throwing
 * Level 9.2 Dodging
 * Level 22.5 Stealth
 * Level 3.8 Shields
 * Level 9.2 Evocations


You had 8 spell levels left.
You didn't know any spells.
Your spell library was empty.

Dungeon Overview and Level Annotations

Branches:
Dungeon (1/1)

Altars:
Cheibriados
Dithmenos
Elyvilon
Gozag
Hepliaklqana
Kikubaaqudgha
Makhleb
Nemelex Xobeh
Okawaru
Qazlal
Ru
Sif Muna
Trog
Uskayaw
Vehumet
Wu Jian
Xom
Yredelemnul
Zin
The Shining One
Beogh
Jiyva
Lugonu

Shops:
D *[*=

Annotations:
D exclusion: oklob plant


Innate Abilities, Weirdness & Mutations

You are very small and have problems with some larger weapons.
You are too small for most types of armour.
You have supernaturally acute eyesight. (SInv)
You cover ground extremely quickly. (Speed+++)


Message History

The helpless burning bush fails to defend itself.
You spit the burning bush like a pig!!!!!
You destroy the burning bush!
Your Dodging skill increases to level 9!
Your Stealth skill increases to level 22!
You hit the oklob plant but do no damage.
The oklob plant is distracted by your dazzling golden aura.
You hit the oklob plant but do no damage.
The oklob plant is no longer distracted by gold.
The oklob plant spits acid at something.
You hit the oklob plant but do no damage.
You hit the oklob sapling but do no damage.
The oklob sapling spits acid at you. The splash of acid misses you.
You catch the helpless oklob sapling completely off-guard!
You perforate the oklob sapling like a sieve!!!
You destroy the oklob sapling!
You hit the wandering mushroom but do no damage.
You hit the oklob plant.
The oklob plant is lightly damaged.
The wandering mushroom misses you.
You hit the oklob plant.
The oklob plant is lightly damaged.
You hit the wandering mushroom but do no damage.
You hit the wandering mushroom but do no damage.
You block the wandering mushroom's attack.
The oklob plant spits acid at you. The splash of acid hits you!
You are splashed with acid!
You hit the wandering mushroom.
The wandering mushroom is lightly damaged.
You strike the helpless wandering mushroom from behind!
You skewer the wandering mushroom like a kebab!!!
You destroy the wandering mushroom!
Your Evocations skill increases to level 9!
The oklob plant spits acid at you. The splash of acid hits you!!
* * * LOW HITPOINT WARNING * * *
You are splashed with acid!
You die...
Your body crumbles into a pile of gold.

#PP..'.....'.#...'.._._._._._..
#PPPP#...†.#.#...#..._._._._...
###############'##.._._._._._..
#...♣........'...#._._._._._.⌠.
#......♣.....#...##############
#.....♣..♣..######
##'####'######$=+
#..#....'.......#
#..#..###$...P@.# $ $$ $
####### #########


You could see an oklob plant.

Vanquished Creatures
  An oklob plant (D)
  3 burning bushes (D)
  A queen bee (D)
  3 wandering mushrooms (D)
  3 scorpions (D)
  4 killer bees (D)
  5 oklob saplings (D)
  2 spriggans (D)
  A river rat (D)
  A rat (D)
24 creatures vanquished.

Notes
Turn   | Place    | Note
-------+----------+-------------------------------------------
     0 | D        | styxcanada the Spriggan Brigand began the quest for the
                  | Orb.
     0 | D        | Reached XP level 1. HP: 10/10 MP: 2/2
     9 | D        | Reached skill level 8 in Stealth
     9 | D        | Reached XP level 2. HP: 12/15 MP: 3/3
    68 | D        | Noticed an oklob sapling
    76 | D        | Killed an oklob sapling
    77 | D        | Reached skill level 10 in Stealth
    77 | D        | Reached XP level 3. HP: 18/18 MP: 4/4
   133 | D        | Noticed a scorpion
   133 | D        | Found the amulet of invisibility {+Inv}
   135 | D        | Killed a scorpion
   136 | D        | Reached skill level 12 in Stealth
   136 | D        | Reached XP level 4. HP: 23/23 MP: 5/5
   159 | D        | Found an opulent altar of Gozag.
   159 | D        | Found a hazy altar of Hepliaklqana.
   159 | D        | Found a burning altar of Makhleb.
   159 | D        | Found a sparkling altar of Nemelex Xobeh.
   159 | D        | Found a snail-covered altar of Cheibriados.
   159 | D        | Found a sacrificial altar of Ru.
   159 | D        | Found a shimmering blue altar of Sif Muna.
   159 | D        | Found a shimmering altar of Xom.
   159 | D        | Found a basalt altar of Yredelemnul.
   160 | D        | Found a viscous altar of Jiyva.
   160 | D        | Found a bloodstained altar of Trog.
   160 | D        | Found an ornate altar of the Wu Jian Council.
   161 | D        | Found an iron altar of Okawaru.
   161 | D        | Found a shadowy altar of Dithmenos.
   161 | D        | Found a glowing silver altar of Zin.
   162 | D        | Found an ancient bone altar of Kikubaaqudgha.
   162 | D        | Found a hide-covered altar of Uskayaw.
   163 | D        | Found a stormy altar of Qazlal.
   163 | D        | Found a white marble altar of Elyvilon.
   163 | D        | Found a glowing golden altar of the Shining One.
   164 | D        | Became a worshipper of Gozag Ym Sagoz the Greedy
   165 | D        | Found a corrupted altar of Lugonu.
   165 | D        | Found a radiant altar of Vehumet.
   169 | D        | Reached skill level 13 in Stealth
   169 | D        | Reached skill level 1 in Evocations
   169 | D        | Reached XP level 5. HP: 28/28 MP: 3/6
   181 | D        | Reached skill level 14 in Stealth
   219 | D        | Reached skill level 5 in Dodging
   220 | D        | Reached skill level 15 in Stealth
   222 | D        | Reached XP level 6. HP: 32/32 MP: 4/7
   242 | D        | Found Ristrukagg's Antique Armour Shop.
   242 | D        | Found Qoif's Assorted Antiques.
   248 | D        | Bought a scroll labelled MICYENKAKKO for 23 gold pieces
   248 | D        | Bought a scroll labelled IDOFID TYEFF for 23 gold pieces
   248 | D        | Bought a twisted opal ring for 115 gold pieces
   248 | D        | Bought a scroll labelled ASAMIAL VUITHE for 23 gold pieces
   381 | D        | Noticed a burning bush
   381 | D        | Noticed a wandering mushroom
   382 | D        | Noticed a wandering mushroom
   385 | D        | Killed a burning bush
   386 | D        | Reached skill level 17 in Stealth
   386 | D        | Reached skill level 1 in Shields
   386 | D        | Killed a wandering mushroom
   387 | D        | Reached skill level 18 in Stealth
   387 | D        | Reached skill level 5 in Evocations
   387 | D        | Reached XP level 7. HP: 38/38 MP: 5/8
   387 | D        | Killed a wandering mushroom
   388 | D        | Reached skill level 19 in Stealth
   390 | D        | Reached XP level 8. HP: 42/42 MP: 5/9
   401 | D        | Found Jujoli's Jewellery Emporium.
   401 | D        | Found Nias's General Store.
   407 | D        | Bought a scroll of brand weapon for 200 gold pieces
   483 | D        | Noticed a queen bee
   490 | D        | Killed a queen bee
   491 | D        | Reached skill level 20 in Stealth
   493 | D        | Reached skill level 5 in Fighting
   544 | D        | Noticed an oklob plant
   547 | D        | Killed an oklob plant
   548 | D        | Reached skill level 21 in Stealth
   561 | D        | Noticed a burning bush
   564 | D        | Killed a burning bush
   565 | D        | Reached XP level 9. HP: 47/47 MP: 8/10
   588 | D        | Noticed a burning bush
   588 | D        | Noticed an oklob plant
   589 | D        | Noticed a wandering mushroom
   590 | D        | Killed a burning bush
   591 | D        | Reached skill level 22 in Stealth
   607 | D        | Killed a wandering mushroom
   608 | D        | Splashed by an oklob plant's acid

Illustrated notes

Levels and vault maps discovered:
D:        dungeon_sprint_fedhas [sprint_temple]

Skill      XL: |  1  2  3  4  5  6  7  8  9 |
---------------+----------------------------+-----
Dodging        | 2 3 4 5 7 8 9 |  9.2
Stealth        | 8 10 12 13 15 18 19 21 22 | 22.5
Fighting       | 2 3 4 5 |  5.7
Short Blades   | 3 4 |  4.8
Evocations     | 1 3 5 6 8 9 |  9.2
Throwing       | 3 |  3.6
Shields        | 2 3 |  3.8

Action                   |  1- 3 |  4- 6 |  7- 9 || total
-------------------------+-------+-------+-------++-------
Melee: Dagger            |     9 |     7 |    23 ||    39
 Abil: Evoke Invisibilit |       |     3 |     3 ||     6
  Use: Potion            |     1 |       |       ||     1
       Scroll            |       |       |     6 ||     6
 Stab: Sleeping          |     2 |     7 |    11 ||    20
       Invisible         |       |       |     2 ||     2
Dodge: Dodged            |     1 |       |     2 ||     3
Block: Buckler           |       |       |     1 ||     1
